 Dungeon Crawl Stone Soup version 0.27.0-1-g7a08968 (webtiles) character file.

Game seed: 4943601066044819659

85 Host24 the Bolt Thrower (level 4, -3/28 HPs)
             Began as a Kobold Hunter on Jan 25, 2022.
             Slain by Ijyb (11 damage)
             ... on level 3 of the Dungeon.
             The game lasted 00:10:34 (3772 turns).

Host24 the Bolt Thrower (Kobold Hunter)             Turns: 3772, Time: 00:10:35

Health: -3/28      AC:  4    Str: 10    XL:     4   Next: 75%
Magic:  4/4        EV: 14    Int: 12    God:
Gold:   109        SH:  0    Dex: 15    Spells: 3/3 levels left

rFire    . . .     SeeInvis .   a - +1 hand crossbow
rCold    . . .     Faith    .   (shield restricted)
rNeg     . . .     Spirit   .   c - +0 leather armour
rPois    .         Reflect  .   (no helmet)
rElec    .         Harm     .   (no cloak)
rCorr    .         Rampage  .   i - +0 pair of gloves
Will     .....                  (no boots)
Stlth    +++.......             (no amulet)
HPRegen  0.09/turn              (no ring)
MPRegen  0.09/turn              (no ring)

@: no status effects
A: small, no large weapons, nightstalker 3
a: no special abilities


You were on level 3 of the Dungeon.
You visited 1 branch of the dungeon, and saw 3 of its levels.

You collected 109 gold pieces.

Inventory:

Hand Weapons
 a - a +1 hand crossbow (weapon)
 b - a +0 short sword
Missiles
 d - 12 bolts (quivered ammo)
 f - 16 sling bullets
 g - 60 stones
 o - 28 arrows
 r - 18 poisoned darts
 u - 4 atropa-tipped darts
Armour
 c - a +0 leather armour (worn)
 i - a +0 pair of gloves (worn)
Scrolls
 h - 2 scrolls of identify {unknown}
 k - 2 scrolls of magic mapping {unknown}
 l - a scroll of vulnerability {unknown}
 n - 3 scrolls of holy word {unknown}
 q - a scroll of noise {unknown}
 w - a scroll of fear {unknown}
Potions
 e - a potion of degeneration {unknown}
 m - a potion of mutation {unknown}
 p - a potion of haste
 s - a potion of resistance {unknown}
 t - a potion of attraction {unknown}
 v - a potion of curing {unknown}


   Skills:
 - Level 3.1 Fighting
 + Level 5.6 Crossbows
 - Level 3.0 Dodging
 - Level 3.2 Stealth


You had 3 spell levels left.
You didn't know any spells.
Your spell library was empty.

Dungeon Overview and Level Annotations

Branches:
Dungeon (3/15)

Altars:
Zin

Annotations:
D:2 Grinder
D:3 Ijyb, Jessica


Innate Abilities, Weirdness & Mutations

You are small and have problems with some larger weapons.
You are completely attuned to the shadows.


Message History

Press: ? - help, Q - select action, (/) - cycle Dir - look around, f - activate Look: Ijyb, wielding a +4 dagger of speed, wearing a +0 ring mail and carrying a wand of charming (11) (almost dead, 48% to hit)
You shoot a bolt. Ijyb closely misses you. Ijyb misses you.
Non-targeted confused fire: 16 bolts
Press: ? - help, Q - select action, (/) - cycle Dir - look around, f - activate Look: Ijyb, wielding a +4 dagger of speed, wearing a +0 ring mail and carrying a wand of charming (11) (almost dead, 48% to hit)
You shoot a bolt.
Ijyb hits you with a +4 dagger of speed. x2
Jessica mumbles some strange words.
Jessica blinks!
You feel less confused.
Ijyb drinks a potion.
Ijyb seems to grow stronger.
Fire: 15 bolts
Press: ? - help, Q - select action, (/) - cycle Shift-Dir - straight line, f/p - Ijyb
Aim: Ijyb, wielding a +4 dagger of speed, wearing a +0 ring mail and carrying a wand of charming (11) (almost dead, strong, 63% to hit)
You shoot a bolt. The bolt barely misses Ijyb.
Fire: 14 bolts
Press: ? - help, Q - select action, (/) - cycle Shift-Dir - straight line, f/p - Ijyb
Aim: Ijyb, wielding a +4 dagger of speed, wearing a +0 ring mail and carrying a wand of charming (11) (almost dead, strong, 63% to hit)
You shoot a bolt. The bolt hits Ijyb but does no damage.
Ijyb is almost dead.
Ijyb completely misses you. Ijyb barely misses you.
Fire: 13 bolts
Press: ? - help, Q - select action, (/) - cycle Shift-Dir - straight line, f/p - Ijyb
Aim: Ijyb, wielding a +4 dagger of speed, wearing a +0 ring mail and carrying a wand of charming (11) (almost dead, strong, 63% to hit)
You shoot a bolt. The bolt closely misses Ijyb.
Ijyb misses you.
Ijyb hits you with a +4 dagger of speed!
* * * LOW HITPOINT WARNING * * *
Ijyb zaps a wand.
Your will is overpowered!
You are confused.
It was a potion of haste.
You feel yourself speed up.
Ijyb screams, "Get away!"
It was a potion of cancellation.
Your magical effects are unravelling.
You feel magically purged.
You feel yourself slow down.
You feel less confused.
Ijyb hits you with a +4 dagger of speed!
You die...

#.........@.§###..#..#..##....
#####.######(..#..#..#..#.†#..
#)###..(####..#..#..######
#)##(....#....#.....#### #
#.#......(.##########..###
#.#...†....(........##....
#.#......@#.#############.
####.....g..# #. #......@###
## #.......# #.......#
##.....## ##.).## #####


You could see Ijyb (strong) and Jessica.

Vanquished Creatures
  4 adders (D:3)
  A worm (D:2)
  5 orcs (D:3)
  2 endoplasms
  A giant cockroach (D:3)
  A goblin (D:1)
  4 hobgoblins
  3 jackals (D:2)
  3 quokkas
  4 ball pythons
  5 bats
  4 frilled lizards
  2 kobolds
  A quokka skeleton (D:2)
  2 rats
42 creatures vanquished.

Notes
Turn   | Place    | Note
-------+----------+-------------------------------------------
     0 | D:1      | Host24 the Kobold Hunter began the quest for the Orb.
     0 | D:1      | Reached XP level 1. HP: 12/12 MP: 1/1
   130 | D:1      | Reached skill level 5 in Crossbows
   575 | D:1      | Reached XP level 2. HP: 17/17 MP: 2/2
   729 | D:1      | Found a faded altar of an unknown god.
  1516 | D:2      | Reached XP level 3. HP: 21/21 MP: 3/3
  2088 | D:3      | Noticed Grinder
  2103 | D:2      | Paralysed by Grinder for 4 turns
  2796 | D:3      | Reached XP level 4. HP: 22/28 MP: 4/4
  2903 | D:3      | Noticed a necrophage
  3341 | D:3      | Found a glowing silver altar of Zin.
  3355 | D:3      | Noticed Jessica
  3355 | D:3      | Noticed Ijyb
  3772 | D:3      | Slain by Ijyb

Illustrated notes

Levels and vault maps discovered:
D:1:      lightli_arrival_isolated_outpost, layout_loops_ring,
          hellmonk_ecumenical_altar_arch_garden
D:2:      layout_basic
D:3:      minmay_angry_zag, layout_rooms, mainiacjoe_overflow_tiny_flanked,
          uniq_jessica, uniq_grinder, uniq_ijyb

Skill      XL: |  1  2  3 |
---------------+----------+-----
Crossbows      | 5 |  5.6
Dodging        | 3 |  3.0
Stealth        | 3 |  3.2
Fighting       | 3 |  3.1

Action                   |  1- 3 |  4- 6 || total
-------------------------+-------+-------++-------
Melee: Short sword       |    88 |    20 ||   108
 Fire: Hand crossbow     |    16 |    38 ||    54
  Use: Potion            |       |     2 ||     2
 Stab: Sleeping          |     6 |     3 ||     9
Armor: Leather armour    |    25 |     5 ||    30
Dodge: Dodged            |    79 |    41 ||   120
